 Dungeon Crawl Stone Soup version 0.22-a0-305-gd21a89c (webtiles) character file.

32 grindst0ne the Skirmisher (level 3, -1/29 HPs)
             Began as a Mummy Fighter on Mar 30, 2018.
             Shot with a sling bullet by a goblin (3 damage)
             ... on level 2 of the Dungeon.
             The game lasted 00:01:59 (789 turns).

grindst0ne the Skirmisher (Mummy Fighter)            Turns: 789, Time: 00:01:59

Health: -1/29      AC:  7    Str: 20    XL:     3   Next: 10%
Magic:  3/3        EV:  7    Int:  7    God:
Gold:   73         SH:  9    Dex: 11    Spells: 2/2 levels left

rFire    . . .     SeeInvis .   a - +0 flail
rCold    . . .     Gourm    .   c - +0 shield
rNeg     + + +     Faith    .   b - +0 scale mail
rPois    ∞         Spirit   .   (no helmet)
rElec    .         Reflect  .   (no cloak)
rCorr    .         Harm     .   k - +0 pair of gloves
MR       .....                  (no boots)
Stlth    ..........             (no amulet)
HPRegen  0.09/turn              d - ring of fire
MPRegen  0.08/turn              i - ring of wizardry

@: no status effects
A: no food or potions, fire vulnerability, cold resistance 1, negative energy
resistance 3, torment resistance, unbreathing
a: no special abilities


You were on level 2 of the Dungeon.
You were not hungry.

You visited 1 branch of the dungeon, and saw 2 of its levels.

You collected 73 gold pieces.

Inventory:

Hand Weapons
 a - a +0 flail (weapon)
Armour
 b - a +0 scale mail (worn)
 c - a +0 shield (worn)
 k - a +0 pair of gloves (worn)
Jewellery
 d - a ring of fire (left hand)
 i - a ring of wizardry (right hand)
Scrolls
 e - a scroll of teleportation {unknown}
 f - a scroll of identify {unknown}
 g - 2 scrolls of amnesia {unknown}
 h - a scroll of blinking {unknown}
 j - a scroll of remove curse {unknown}


   Skills:
 - Level 3.0 Fighting
 + Level 2.3 Maces & Flails
 - Level 2.4 Armour
 + Level 3.0 Shields


You had 2 spell levels left.
You didn't know any spells.

Dungeon Overview and Level Annotations

Branches:
Dungeon (2/15)

Altars:


Innate Abilities, Weirdness & Mutations

You do not eat or drink.
Your flesh is vulnerable to fire.
You are immune to poison.
Your flesh is cold resistant. (rC+)
You are immune to negative energy. (rN+++)
You are immune to unholy pain and torment.
You can survive without breathing.


Message History

You closely miss the leopard gecko.
You block the leopard gecko's attack. x2
You closely miss the leopard gecko. You block the leopard gecko's attack.
You closely miss the leopard gecko.
The leopard gecko bites you but does no damage.
You block the leopard gecko's attack.
Your shield prevents you from hitting the leopard gecko.
You block the leopard gecko's attack. x2
Your shield and scale mail prevent you from hitting the leopard gecko.
You block the leopard gecko's attack.
You closely miss the leopard gecko. The leopard gecko bites you.
* * * LOW HITPOINT WARNING * * *
The leopard gecko bites you but does no damage.
Found a ration and 21 stones.
A goblin comes into view.
You closely miss the leopard gecko.
The goblin shouts!
The leopard gecko bites you but does no damage.
The goblin wields a hunting sling.
The goblin shoots a sling bullet.
The sling bullet hits you.
You die...

#........###
#.......!####..$..#
##....######....##....
...... ##...#..# ...
#.... #.<#....# #.
#.... ##....##.....
#....##...####.....
###....## #......
#.@l##.# ......
g....!.####.# ....#
......# #.# .....# #.#
..... ..# (... .. ..#
..


You could see a leopard gecko and a goblin.

Vanquished Creatures
  An adder (D:2)
  6 goblins (D:1)
  4 hobgoblins (D:1)
  A ball python (D:1)
  4 bats (D:1)
  A frilled lizard (D:1)
  3 kobolds (D:1)
  5 rats
25 creatures vanquished.

Notes
Turn   | Place    | Note
-------+----------+-------------------------------------------
     0 | D:1      | grindst0ne the Mummy Fighter began the quest for the Orb.
     0 | D:1      | Reached XP level 1. HP: 18/18 MP: 1/1
   171 | D:1      | Reached XP level 2. HP: 14/24 MP: 2/2
   772 | D:2      | HP: 1/24 [adder (4)]
   774 | D:2      | Reached XP level 3. HP: 1/29 MP: 3/3
   789 | D:2      | Shot with a sling bullet by a goblin

Vault maps used:
D:1:      dpeg_arrival_snail
D:2:      trog_three_pillars_becter

Skill      XL: |  1  2 |
---------------+-------+-----
Maces & Flails | 2 |  2.3
Shields        | 3 |  3.0
Fighting       | |  3.0
Armour         | |  2.4

Action                   || total
-------------------------++-------
Melee: Flail             ||   128
Armor: Scale mail        ||    94
Dodge: Dodged            ||    48
Block: Shield            ||    98

Table legend:
 A = Spawn XP
 B = Non-spawn XP
 C = Spawn XP percentage of total XP
 D = Spawn monster count
 E = Non-spawn monster count
 F = Spawn count percentage of total count
 G = Total turns spent on level
                    A         B        C        D         E        F      G
               +---------+---------+-------+---------+---------+-------+---------
         Total |       0 |      47 |   0.0 |       0 |      25 |   0.0 |   789
               +---------+---------+-------+---------+---------+-------+---------
           D:1 |       0 |      33 |   0.0 |       0 |      23 |   0.0 |   739
           D:2 |       0 |      14 |   0.0 |       0 |       2 |   0.0 |    50
               +---------+---------+-------+---------+---------+-------+---------
